 Dungeon Crawl Stone Soup version 0.28-a0-845-gfc338a8e3c (webtiles) character file.

Game seed: 16174370879804710158

1918 Twinkles the Shooter (level 8, -3/45 HPs)
             Began as a Deep Elf Delver on Nov 12, 2021.
             Was an Elder of Fedhas.
             Slain by a manticore (11 damage)
             ... on level 6 of the Dungeon.
             The game lasted 00:47:19 (8255 turns).

Twinkles the Shooter (Deep Elf Delver)              Turns: 8255, Time: 00:47:20

Health: -3/45      AC:  6    Str: 11    XL:     8   Next: 95%
Magic:  14/14      EV: 13    Int: 16    God:    Fedhas [****..]
Gold:   276        SH:  0    Dex: 16    Spells: 13/13 levels left

rFire   . . .      SeeInvis .   b - +0 shortbow
rCold   . . .      Faith    .   (shield currently unavailable)
rNeg    + . .      Spirit   .   r - +0 ring mail
rPois   .          Reflect  .   (no helmet)
rElec   .          Harm     .   (no cloak)
rCorr   .          Rampage  .   o - +0 pair of gloves
Will    .....                   (no boots)
Stlth   +++.......              g - amulet of regeneration
HPRegen 1.15/turn               i - ring of positive energy
MPRegen 0.14/turn               h - ring of flight

@: spiked, flying
A: no striking features
a: Renounce Religion, Wall of Briars, Grow Ballistomycete, Overgrow


You were on level 6 of the Dungeon.
You worshipped Fedhas.
Fedhas was greatly pleased with you.
You visited 2 branches of the dungeon, and saw 8 of its levels.
You also visited: Ossuary.

You collected 276 gold pieces.

Inventory:

Hand Weapons
 a - a +2 dagger of freezing
 b - a +0 shortbow (weapon)
 j - a +0 whip
 w - a +0 short sword
Missiles
 k - 3 javelins
 m - 39 bolts
 s - 69 stones
 u - 71 arrows (quivered ammo)
 v - 2 curare-tipped darts
Armour
 o - a +0 pair of gloves (worn)
 r - a +0 ring mail (worn)
 x - a +0 leather armour
Jewellery
 g - an amulet of regeneration (around neck)
 h - a ring of flight (right hand)
 i - a ring of positive energy (left hand)
Wands
 d - a wand of digging (3)
 p - a wand of paralysis (8)
 q - a wand of flame (2)
Scrolls
 t - 4 scrolls of teleportation {unknown}
 y - a scroll of silence {unknown}
 z - 2 scrolls of summoning {unknown}
 B - a scroll of holy word {unknown}
 C - a scroll of enchant weapon {unknown}
 D - 2 scrolls of blinking {unknown}
 E - 3 scrolls of fear
 F - a scroll of fog
 I - a scroll of enchant armour {unknown}
 X - 2 scrolls of magic mapping
 Z - a scroll of identify
Potions
 c - 2 potions of flight {unknown}
 f - 2 potions of degeneration
 n - a potion of mutation {unknown}
 A - a potion of attraction {unknown}
 G - a potion of lignification {unknown}
 H - a potion of haste
 J - 5 potions of curing
 N - 2 potions of heal wounds
 T - 2 potions of berserk rage


   Skills:
 - Level 2.4 Fighting
 - Level 2.0 Short Blades
 + Level 7.4 Bows
 + Level 7.3 Dodging
 - Level 6.2 Stealth
 - Level 3.0 Spellcasting
 - Level 3.7 Summonings
 - Level 3.8 Earth Magic
 + Level 6.1 Invocations


You had 13 spell levels left.
You didn't know any spells.
Your spell library contained the following spells:

 Spells                   Type           Power      Damage    Failure   Level
 Beastly Appendage        Tmut           4%         N/A       41%         1
 Slow                     Hex            8%         N/A       41%         1
 Stone Arrow              Conj/Erth      16%        3d8       54%         3
 Wereblood                Tmut           2%         N/A       56%         2
 Animate Armour           Summ/Erth      28%        N/A       67%         4
 Confusing Touch          Hex            2%         N/A       80%         3
 Spider Form              Tmut/Pois      2%         N/A       80%         3
 Vampiric Draining        Necr           2%         2d6       80%         3
 Lehudib's Crystal Spear  Conj/Erth      4%         10d3      100%        8


Dungeon Overview and Level Annotations

Branches:
Dungeon (7/15)             Temple (1/1) D:5         Ossuary (visited)

Altars:
Ashenzari
Cheibriados
Dithmenos
Elyvilon
Fedhas
Gozag
Hepliaklqana
Makhleb
Nemelex Xobeh
Qazlal
Ru
Sif Muna
Trog
Uskayaw
Vehumet
Wu Jian
Xom
Yredelemnul
Zin
The Shining One

Shops:
D:4 =   D:6 *

Annotations:
D:6 exclusion: hornet, Menkaure


Message History

The manticore bites you. The manticore misses you.
The manticore barely misses you.
Fire: 73 arrows
Press: ? - help, Q - select action, (/) - cycle Shift-Dir - straight line, f/p - manticore
Aim: a manticore (lightly wounded, 74% to hit)
You shoot an arrow. The arrow hits the manticore!
The manticore is moderately wounded.
The manticore bites you!!
* * * LOW HITPOINT WARNING * * *
The manticore closely misses you. The manticore barely misses you.
Fire: 72 arrows
Press: ? - help, Q - select action, (/) - cycle Shift-Dir - straight line, f/p - manticore
Aim: a manticore (moderately wounded, 74% to hit)
You shoot an arrow.
The arrow hits the manticore but does no damage.
The manticore is moderately wounded.
The manticore bites you.
* * * LOW HITPOINT WARNING * * *
The manticore claws you.
* * * LOW HITPOINT WARNING * * *
The manticore closely misses you.
Aiming: Paralyse
Press: ? - help, Shift-Dir - straight line, f/p - manticore
Aim: a manticore (moderately wounded, chance to affect: 28%)
Okay, then.
Unknown command.
Aiming: Throw Flame
Press: ? - help, Shift-Dir - straight line, f/p - manticore
Aim: a manticore (moderately wounded, 81% to hit)
The puff of flame misses the manticore.
The manticore misses you. The manticore closely misses you.
The manticore claws you but does no damage.
Aiming: Throw Flame
Press: ? - help, Shift-Dir - straight line, f/p - manticore
Aim: a manticore (moderately wounded, 81% to hit)
The puff of flame hits the manticore!
The manticore is heavily wounded.
The manticore barely misses you. x2; The manticore claws you!
You die...
Fedhas appreciates your contribution to the ecosystem.

##................####.#.#####.##
#.......+.........'............[.
.....####.........####.........##
.##.## ##.......######.########
.#### ##.....###.......?.# .#
##....# #.#.#.##..# .#
##'#.###.#.#.# .# .#
##.#..##.#.#.# .# .#
##.#.#@#.#.##.# ..# .#
#......H....#(##..# .#
##.#.#.#(#.#..(...# .#######
#........(......y# .......#
##)#.#.#.#.##.#### ######.#
#...........#.#
#.#####.#.#.#.#.#(.#
#.......[......H.###
#######.#.#.#.#.##


You could see a manticore.

Vanquished Creatures
  A black bear (D:6)
  An ice beast (D:7)
  An orc warrior (D:6)
  A necrophage (D:5)
  2 ogres
  3 centaurs
  2 phantoms
  4 scorpions
  4 wights (D:6)
  2 centaur zombies (D:6)
  2 hounds
  A bullfrog skeleton (D:4)
  A jelly (D:5)
  3 iguanas
  13 mummies
  3 gnolls (D:4)
  6 adders
  An adder skeleton (D:4)
  A worm (D:2)
  2 dart slugs
  An orc (D:7)
  8 endoplasms
  3 giant cockroaches
  6 goblins
  5 hobgoblins
  14 jackals
  7 quokkas
  5 ball pythons
  7 bats
  6 frilled lizards
  A gnoll skeleton (Ossuary)
  2 goblin skeletons (Ossuary)
  5 kobolds
  A kobold skeleton (Ossuary)
  4 orc skeletons (Ossuary)
  3 rats
  11 rat skeletons (Ossuary)
143 creatures vanquished.

Notes
Turn   | Place    | Note
-------+----------+-------------------------------------------
     0 | D:5      | Twinkles the Deep Elf Delver began the quest for the Orb.
     0 | D:5      | Reached XP level 1. HP: 13/13 MP: 3/3
     7 | Temple   | Entered the Ecumenical Temple
   275 | Temple   | Became a worshipper of Fedhas Madash
   422 | D:4      | Noticed a scorpion
  1148 | D:1      | Reached skill level 1 in Bows
  1179 | D:1      | Reached XP level 2. HP: 18/18 MP: 4/4
  1397 | D:1      | Reached * piety under Fedhas
  1543 | D:1      | Reached skill level 1 in Invocations
  1560 | D:1      | Reached skill level 1 in Spellcasting
  1731 | D:1      | Reached XP level 3. HP: 22/22 MP: 6/6
  2139 | D:2      | Found a broken altar of Ashenzari.
  2219 | D:2      | Reached skill level 1 in Earth Magic
  2406 | D:2      | Reached ** piety under Fedhas
  2494 | D:2      | Found a faded altar of an unknown god.
  2791 | D:3      | Reached XP level 4. HP: 25/27 MP: 8/8
  2846 | D:3      | Found an ornate altar of the Wu Jian Council.
  3309 | D:4      | Found a burning altar of Makhleb.
  3377 | D:3      | Reached skill level 1 in Summonings
  3461 | D:4      | Noticed a phantom
  3505 | D:3      | Killed a phantom
  3506 | D:3      | Reached XP level 5. HP: 20/31 MP: 10/10
  3558 | D:4      | Found Hoec's Jewellery Boutique.
  3923 | D:4      | Reached XP level 6. HP: 36/36 MP: 12/12
  4366 | D:4      | Reached *** piety under Fedhas
  4885 | D:4      | Reached XP level 7. HP: 40/40 MP: 13/13
  5286 | D:5      | HP: 11/40 [centaur (5)]
  5464 | D:5      | Reached skill level 5 in Dodging
  6099 | D:6      | Reached skill level 5 in Bows
  6103 | D:6      | Noticed a hornet
  6122 | D:6      | Reached XP level 8. HP: 44/45 MP: 14/14
  6125 | D:6      | Noticed a manticore
  6159 | D:6      | Found a sand-covered staircase.
  6169 | Ossuary  | Entered an ossuary
  6551 | Ossuary  | Reached **** piety under Fedhas
  6889 | D:6      | Reached skill level 5 in Invocations
  6956 | D:6      | Found a radiant altar of Vehumet.
  7182 | D:6      | Found Booptooc's Lightly-Used Armoury.
  7335 | D:6      | HP: 10/45 [centaur (5)]
  7632 | D:6      | Noticed Menkaure
  7910 | D:6      | HP: 12/45 [orc warrior (7)]
  7967 | D:6      | HP: 13/45 [orc warrior (11)]
  8252 | D:6      | HP: 11/45 [manticore (18)]
  8253 | D:6      | HP: 5/45 [manticore (1)]
  8255 | D:6      | Slain by a manticore

Illustrated notes

Levels and vault maps discovered:
D:1:      shiori_arrival_oz, layout_basic
D:2:      layout_rooms, basic_altar, chequers_ecumenical_altar_twisty,
          kennysheep_doodads
D:3:      layout_loops_ring, mainiacjoe_overflow_alcove_4
D:4:      layout_layer_cave, mainiacjoe_overflow_boulevard, serial_shops,
          nicolae_shop_behind_doors
D:5:      layout_layer_cave, minmay_temple_entry_proselytizer
D:6:      layout_loops_corners, nicolae_vehumet_radiance,
          gup_ossuary_entry_pyramid, minmay_shop_damaged, st_stairs_11,
          hangedman_decor_riveting, uniq_menkaure
D:7:      kennysheep_housing_project, layout_basic,
          hellmonk_guarded_unrand_gong, uniq_pikel, uniq_joseph
Temple:   minmay_crystal_spiral_temple

Skill      XL: |  1  2  3  4  5  6  7  8 |
---------------+-------------------------+-----
Bows           | 1 2 3 5 7 |  7.4
Invocations    | 1 2 3 4 6 |  6.1
Spellcasting   | 1 2 3 |  3.0
Dodging        | 3 4 5 7 |  7.3
Earth Magic    | 1 2 3 |  3.8
Summonings     | 1 2 3 |  3.7
Fighting       | |  2.4
Short Blades   | |  2.0
Stealth        | |  6.2

Action                   |  1- 3 |  4- 6 |  7- 9 || total
-------------------------+-------+-------+-------++-------
Melee: Short sword       |   157 |    11 |       ||   168
       Dagger            |       |   101 |    53 ||   154
 Fire: Shortbow          |       |       |   324 ||   324
Throw: Dart              |    19 |    64 |     1 ||    84
Evoke: Wand              |     3 |     4 |     2 ||     9
  Use: Scroll            |     3 |     1 |     2 ||     6
 Stab: Sleeping          |     5 |     2 |       ||     7
Armor: Leather armour    |    28 |       |       ||    28
       Ring mail         |    19 |    41 |    65 ||   125
Dodge: Dodged            |    82 |    54 |   110 ||   246

Table legend: (Time is in decaauts)
 A = Elapsed time spent in this place.
 B = Non-inter-level travel time spent in this place.
 C = Inter-level travel time spent in this place.
 D = Time resting spent in this place.
 E = Time spent auto-exploring this place.
 F = Levels seen in this place.
 G = Mean time per level.
                   A        B        C        D        E       F      G
               +--------+--------+--------+--------+--------+-----+--------+
         Total |   8244 |   7129 |   1115 |    360 |   4570 |   9 |  916.0 |
       Dungeon |   7297 |   6357 |    940 |    360 |   4123 |   7 | 1042.4 |
        Temple |    306 |    131 |    175 |      0 |    111 |   1 |  306.0 |
       Ossuary |    640 |    640 |      0 |      0 |    336 |   1 |  640.0 |
               +--------+--------+--------+--------+--------+-----+--------+

Top non-repeatable levels by time:
     D:4: 1640 daAuts
     D:6: 1550 daAuts
     D:3: 1265 daAuts
     D:5: 1189 daAuts
     D:1: 993 daAuts
 Ossuary: 640 daAuts
     D:2: 577 daAuts
  Temple: 306 daAuts
     D:7: 80 daAuts
